 Dungeon Crawl Stone Soup version 0.21-a0-630-g344d351 (webtiles) character file.

441 tidbits the Digger (level 7, -4/50 HPs)
             Began as a Gnoll Earth Elementalist on Dec 26, 2017.
             Slain by Duvessa
             ... wielding a +0 short sword
              (7 damage)
             ... on level 7 of the Dungeon.
             The game lasted 00:10:58 (1276 turns).

tidbits the Digger (Gnoll Earth Elementalist)       Turns: 1276, Time: 00:10:59

Health: -4/50      AC:  5    Str: 10    XL:     7   Next: 2%
Magic:  3/15       EV: 21    Int: 19    God:
Gold:   183        SH:  0    Dex: 21    Spells: 9/16 levels left

rFire    . . .     SeeInvis .   a - +0 dagger
rCold    + . .     Gourm    .   (no shield)
rNeg     . . .     Faith    .   c - +0 robe
rPois    +         Spirit   .   (no helmet)
rElec    .         Reflect  .   (no cloak)
rCorr    .         Harm     .   G - +2 pair of gloves
MR       .....                  (no boots)
Stlth    ++++......             (no amulet)
HPRegen  0.16/turn              P - ring of poison resistance
MPRegen  0.14/turn              i - ring of protection from cold

@: agile, very slightly contaminated
A: distributed training, fangs 1, strong nose
a: no special abilities


You were on level 7 of the Dungeon.
You were hungry.

You visited 1 branch of the dungeon, and saw 6 of its levels.

You collected 183 gold pieces.

Inventory:

Hand Weapons
 a - a +0 dagger (weapon)
 n - a +1 mace of protection
   (You took it off an orc on level 4 of the Dungeon)
 r - a +2 dagger of speed
   (You took it off Dowan on level 7 of the Dungeon)
Missiles
 b - 78 stones (quivered)
Armour
 c - a +0 robe (worn)
 s - a +0 pair of gloves
 G - a +2 pair of gloves (worn)
Magical Staves
 h - an uncursed staff of fire {unknown}
   (You found it on level 6 of the Dungeon)
Jewellery
 i - a ring of protection from cold (right hand)
   (You found it on level 2 of the Dungeon)
 P - a ring of poison resistance (left hand)
   (You took it off a hobgoblin on level 1 of the Dungeon)
Wands
 q - a wand of digging (9)
Scrolls
 g - a scroll of fear {unknown}
 j - a scroll of fog {unknown}
 k - a scroll of remove curse {unknown}
 l - a scroll of enchant armour
 p - a scroll of amnesia
Potions
 f - a potion of cancellation
 m - a potion of might
 o - 2 potions of agility
 t - a potion of curing {unknown}
 u - a potion of brilliance {unknown}
Books
 e - a book of Geomancy

   Spells                             Type                      Level
   a - Sandblast                      Earth                        1
   b - Passwall                       Transmutation/Earth          2
   c - Stone Arrow                    Conjuration/Earth            3
   d - Petrify                        Transmutation/Earth          4
   e - Lee's Rapid Deconstruction     Earth                        5
Comestibles
 d - 8 rations


   Skills:
 + Level 2.1 Fighting
 + Level 2.1 Short Blades
 + Level 2.1 Long Blades
 + Level 2.1 Axes
 + Level 2.1 Maces & Flails
 + Level 2.1 Polearms
 + Level 2.1 Staves
 + Level 2.1 Slings
 + Level 2.1 Bows
 + Level 2.1 Crossbows
 + Level 2.1 Throwing
 + Level 2.1 Armour
 + Level 5.1 Dodging
 + Level 4.7 Stealth
 + Level 2.1 Shields
 + Level 2.1 Unarmed Combat
 + Level 5.4 Spellcasting
 + Level 1.7 Conjurations
 + Level 1.7 Hexes
 + Level 1.7 Charms
 + Level 1.7 Summonings
 + Level 1.7 Necromancy
 + Level 1.7 Translocations
 + Level 2.7 Transmutations
 + Level 1.7 Fire Magic
 + Level 1.7 Ice Magic
 + Level 1.7 Air Magic
 + Level 5.7 Earth Magic
 + Level 1.7 Poison Magic
 + Level 2.4 Invocations
 + Level 2.1 Evocations


You had 9 spell levels left.
You knew the following spells:

 Your Spells              Type           Power        Failure   Level  Hunger
a - Sandblast             Erth           ####..       1%          1    None
e - Petrify               Tmut/Erth      ###.....     21%         4    ####...
p - Passwall              Tmut/Erth      ###.......   3%          2    None


Dungeon Overview and Level Annotations

Branches:
Dungeon (7/15)
 Temple: D:4-7

Altars:
Sif Muna

Annotations:
D:7 Duvessa, Joseph


Innate Abilities, Weirdness & Mutations

Your experience applies equally to all skills.
You have very sharp teeth.
Your uncanny sense of smell can sniff out nearby items.


Message History

You see here 19 gold pieces.
You now have 183 gold pieces (gained 19).
You see here a pair of runed gloves.
s - a pair of runed gloves Wear which item? (? for menu, Esc to quit)
You start removing your armour.
You continue taking off your +0 pair of gloves. x4
You finish taking off your +0 pair of gloves.
You start putting on your armour.
You continue putting on your pair of runed gloves. x5
You finish putting on your +2 pair of gloves.
Adjust (i)tems, (s)pells, or (a)bilities?
Adjust which item? (? for menu, Esc to quit)
s - a +2 pair of gloves (worn)
Adjust to which letter? (? for menu, Esc to quit)
G - a +2 pair of gloves (worn);
s - a +0 pair of gloves
Found a ring mail.
Okay, then.
There is a stone staircase leading up here.
You climb upwards.
Found 13 arrows.
There is a stone staircase leading down here.
Found a robe.
You see here a robe.
Found a dagger.
Magic restored.
You see here a dagger.
Found an escape hatch in the ceiling.
There is an escape hatch in the ceiling here.
Casting: Petrify
Confirm with . or Enter, or press ? or * to list all spells.
Which direction?
You begin to meditate on the wall.
You continue meditating on the rock. x2
You finish merging with the rock.
Found a potion of agility and 20 stones.
Found a stone staircase leading down.
o - 3 potions of agility (gained 1)
Found a puce potion.
Found a lumpy silvery potion.
A bullfrog comes into view.
Found a thick jewelled staff.
You see here a lumpy silvery potion.
t - a lumpy silvery potion You see here a thick jewelled staff.
Casting: Passwall
Confirm with . or Enter, or press ? or * to list all spells.
Which direction?
You begin to meditate on the wall.
You continue meditating on the rock. x2
You finish merging with the rock.
The helpless bullfrog fails to defend itself.
You impale the bullfrog!!
You kill the bullfrog!
You have reached level 7!
All of the chunks of flesh in your inventory have rotted away.
You see here a thick jewelled staff.
h - a thick jewelled staff You see here 20 stones.
b - 78 stones (gained 20)
You see here a puce potion.
u - a puce potion
There is a stone staircase leading down here.
You climb downwards.
Level annotation: Joseph A leopard gecko and Duvessa come into view.
Duvessa goes berserk!
Duvessa hits you with a short sword! Duvessa completely misses you.
Found 20 sling bullets and a ration.
Found a stone staircase leading up.
There is a stone staircase leading up, spattered with blood here.
Unknown command.
Unknown command.
Casting: Passwall
Confirm with . or Enter, or press ? or * to list all spells.
Aiming: Petrify
Press: ? - help, Shift-Dir - straight line, f - Duvessa
Aim: Duvessa, wielding a short sword and wearing a leather armour (berserk, fast, unusually strong, chance to defeat MR: 33%) Duvessa easily resists.
You are feeling hungry.
Duvessa hits you with a short sword!
Casting: Petrify
Confirm with . or Enter, or press ? or * to list all spells.
Aiming: Petrify
Press: ? - help, Shift-Dir - straight line, f/p - Duvessa
Aim: Duvessa, wielding a short sword and wearing a leather armour (berserk, fast, unusually strong, chance to defeat MR: 33%) Duvessa easily resists.
Duvessa hits you with a short sword!
* * * LOW HITPOINT WARNING * * *
Duvessa hits you with a short sword.
* * * LOW HITPOINT WARNING * * *
Casting: Petrify
Confirm with . or Enter, or press ? or * to list all spells.
Aiming: Petrify
Press: ? - help, Shift-Dir - straight line, f/p - Duvessa
Aim: Duvessa, wielding a short sword and wearing a leather armour (berserk, fast, unusually strong, chance to defeat MR: 33%)
You miscast Petrify.
You are very lightly contaminated with residual magic.
Your hair momentarily turns into snakes!
Duvessa hits you with a short sword!
* * * LOW HITPOINT WARNING * * *
You feel agile all of a sudden. Duvessa hits you with a short sword!
You die...

∆ # .# #.# .#
####### ∆
..##.##
##.....##
.......
...#...e...#...
.....#
#....@....#
.....##.
#.8.....8.#
.......∆#
#....(.%..#
....<##.#
#....8.8...#
........
#........l.#
........
#..8.....8.#
...##..
.......<....#
#.##
####.......##
###


You could see Duvessa (berserk) and a leopard gecko (sleeping).

Vanquished Creatures
  An ogre (D:4)
  A bullfrog (D:6)
  Blork the orc (D:4)
  Dowan (D:7)
  An orc wizard (D:4)
  A bullfrog skeleton (D:4)
  A worker ant (D:4)
  An adder (D:3)
  An ooze (D:1)
  An adder zombie (D:4)
  2 worms
  3 dart slugs
  3 leopard geckos
  9 orcs
  5 bats
  5 giant cockroaches
  4 goblins
  3 hobgoblins
  6 jackals
  A quokka (D:4)
  A frilled lizard (D:1)
  7 kobolds
  A leopard gecko skeleton (D:4)
  8 rats
68 creatures vanquished.

Notes
Turn   | Place    | Note
-------+----------+-------------------------------------------
     0 | D:1      | tidbits the Gnoll Earth Elementalist began the quest for the Orb.
     0 | D:1      | Reached XP level 1. HP: 13/13 MP: 6/6
    61 | D:1      | Reached skill level 2 in Transmutations
    66 | D:1      | Reached XP level 2. HP: 16/19 MP: 3/7
    70 | D:1      | Learned a level 2 spell: Passwall
   216 | D:1      | Reached XP level 3. HP: 24/25 MP: 1/9
   250 | D:1      | Reached skill level 5 in Spellcasting
   332 | D:2      | Reached skill level 1 in Invocations
   384 | D:3      | Reached skill level 1 in Fighting
   384 | D:3      | Reached skill level 1 in Short Blades
   384 | D:3      | Reached skill level 1 in Long Blades
   384 | D:3      | Reached skill level 1 in Axes
   384 | D:3      | Reached skill level 1 in Maces & Flails
   384 | D:3      | Reached skill level 1 in Polearms
   384 | D:3      | Reached skill level 1 in Staves
   384 | D:3      | Reached skill level 1 in Slings
   384 | D:3      | Reached skill level 1 in Bows
   384 | D:3      | Reached skill level 1 in Crossbows
   384 | D:3      | Reached skill level 1 in Throwing
   384 | D:3      | Reached skill level 1 in Armour
   384 | D:3      | Reached skill level 1 in Shields
   384 | D:3      | Reached skill level 1 in Unarmed Combat
   384 | D:3      | Reached skill level 1 in Evocations
   399 | D:3      | Reached XP level 4. HP: 32/32 MP: 1/11
   570 | D:4      | Reached skill level 1 in Conjurations
   570 | D:4      | Reached skill level 1 in Hexes
   570 | D:4      | Reached skill level 1 in Charms
   570 | D:4      | Reached skill level 1 in Summonings
   570 | D:4      | Reached skill level 1 in Necromancy
   570 | D:4      | Reached skill level 1 in Translocations
   570 | D:4      | Reached skill level 1 in Fire Magic
   570 | D:4      | Reached skill level 1 in Ice Magic
   570 | D:4      | Reached skill level 1 in Air Magic
   570 | D:4      | Reached skill level 1 in Poison Magic
   576 | D:4      | Learned a level 4 spell: Petrify
   826 | D:4      | Noticed an ogre
   834 | D:4      | Killed an ogre
   834 | D:4      | Reached XP level 5. HP: 22/37 MP: 9/12
  1014 | D:4      | Reached XP level 6. HP: 37/44 MP: 4/13
  1017 | D:4      | Reached skill level 2 in Invocations
  1096 | D:4      | Noticed Blork the orc
  1101 | D:4      | Killed Blork the orc
  1101 | D:4      | Reached skill level 2 in Fighting
  1101 | D:4      | Reached skill level 2 in Short Blades
  1101 | D:4      | Reached skill level 2 in Long Blades
  1101 | D:4      | Reached skill level 2 in Axes
  1101 | D:4      | Reached skill level 2 in Maces & Flails
  1101 | D:4      | Reached skill level 2 in Polearms
  1101 | D:4      | Reached skill level 2 in Staves
  1101 | D:4      | Reached skill level 2 in Slings
  1101 | D:4      | Reached skill level 2 in Bows
  1101 | D:4      | Reached skill level 2 in Crossbows
  1101 | D:4      | Reached skill level 2 in Throwing
  1101 | D:4      | Reached skill level 2 in Armour
  1101 | D:4      | Reached skill level 5 in Dodging
  1101 | D:4      | Reached skill level 2 in Shields
  1101 | D:4      | Reached skill level 2 in Unarmed Combat
  1101 | D:4      | Reached skill level 2 in Evocations
  1105 | D:4      | Found a deep blue altar of Sif Muna.
  1107 | D:4      | You fall through a shaft for 3 floors!
  1107 | D:7      | Noticed Dowan
  1111 | D:7      | Noticed Joseph
  1121 | D:7      | Killed Dowan
  1256 | D:6      | Reached XP level 7. HP: 50/50 MP: 12/15
  1272 | D:7      | Noticed Duvessa
  1275 | D:7      | HP: 3/50 [Duvessa/short sword (15)]
  1276 | D:7      | Slain by Duvessa

Vault maps used:
D:1:      shiori_arrival_oz, minmay_pentomino_v2
D:3:      first_ration, hangedman_decor_points, grunt_ministairs_3,
          kennysheep_generic_room_7
D:4:      tgw_sif
D:6:      moated_statue, minmay_misc_feat_pillars
D:7:      minmay_temple_entry_statues_fountains, grunt_ministairs_10,
          grunt_livestock, uniq_joseph, uniq_duvessa

Skill      XL: |  1  2  3  4  5  6 |
---------------+-------------------+-----
Transmutations | 2 |  2.7
Spellcasting   | 5 |  5.4
Invocations    | 1 2 |  2.4
Fighting       | 1 2 |  2.1
Short Blades   | 1 2 |  2.1
Long Blades    | 1 2 |  2.1
Axes           | 1 2 |  2.1
Maces & Flails | 1 2 |  2.1
Polearms       | 1 2 |  2.1
Staves         | 1 2 |  2.1
Slings         | 1 2 |  2.1
Bows           | 1 2 |  2.1
Crossbows      | 1 2 |  2.1
Throwing       | 1 2 |  2.1
Armour         | 1 2 |  2.1
Shields        | 1 2 |  2.1
Unarmed Combat | 1 2 |  2.1
Evocations     | 1 2 |  2.1
Conjurations   | 1 |  1.7
Hexes          | 1 |  1.7
Charms         | 1 |  1.7
Summonings     | 1 |  1.7
Necromancy     | 1 |  1.7
Translocations | 1 |  1.7
Fire Magic     | 1 |  1.7
Ice Magic      | 1 |  1.7
Air Magic      | 1 |  1.7
Poison Magic   | 1 |  1.7
Dodging        | 5 |  5.1
Stealth        | |  4.7
Earth Magic    | |  5.7

Action                   |  1- 3 |  4- 6 |  7- 9 || total
-------------------------+-------+-------+-------++-------
Melee: Dagger            |     6 |    31 |       ||    37
       Bite              |     1 |     6 |       ||     7
 Cast: Sandblast         |    40 |    56 |       ||    96
       Passwall          |     1 |     9 |       ||    10
       Petrify           |       |     2 |     2 ||     4
  Use: Potion            |       |     2 |     1 ||     3
       Scroll            |       |     4 |       ||     4
 Stab: Sleeping          |     3 |     5 |       ||     8
       Petrified         |       |     4 |       ||     4
  Eat: Chunk             |       |     1 |       ||     1
Armor: Robe              |     3 |     8 |       ||    11
Dodge: Dodged            |    12 |    47 |     1 ||    60

Table legend:
 A = Spawn XP
 B = Non-spawn XP
 C = Spawn XP percentage of total XP
 D = Spawn monster count
 E = Non-spawn monster count
 F = Spawn count percentage of total count
 G = Total turns spent on level
                    A         B        C        D         E        F      G
               +---------+---------+-------+---------+---------+-------+---------
         Total |       0 |     630 |   0.0 |       0 |      68 |   0.0 |  1276
               +---------+---------+-------+---------+---------+-------+---------
           D:1 |       0 |      54 |   0.0 |       0 |      27 |   0.0 |   282
           D:2 |       0 |      11 |   0.0 |       0 |       5 |   0.0 |   122
           D:3 |       0 |      49 |   0.0 |       0 |      17 |   0.0 |   219
           D:4 |       0 |     353 |   0.0 |       0 |      17 |   0.0 |   484
           D:6 |       0 |      96 |   0.0 |       0 |       1 |   0.0 |   110
           D:7 |       0 |      67 |   0.0 |       0 |       1 |   0.0 |    59
               +---------+---------+-------+---------+---------+-------+---------

Table legend:
 A = Turns spent in this place as a percentage of turns spent in the entire game.
 B = Non-inter-level travel turns spent in this place as a percentage of non-inter-level travel turns spent in the entire game.
 C = Inter-level travel turns spent in this place as a percentage of turns spent in this place.
 D = Turns resting spent in this place as a percentage of non-inter-level travel turns spent in this place.
 E = Turns spent auto-exploring this place as a percentage of non-inter-level travel turns spent in this place.
 F = Non-inter-level travel turns spent in this place divided by the number of levels of this place that you've seen.
                   A       B       C       D       E      F
               +-------+-------+-------+-------+-------+----------------------
         Total | 100.0 | 100.0 |   0.0 |   0.0 |   0.0 | 212.7
       Dungeon | 100.0 | 100.0 |   0.0 |   0.0 |   0.0 | 212.7
               +-------+-------+-------+-------+-------+----------------------

Table legend:
 A = Kills in this place as a percentage of kills in entire the game.
 B = Kills by you in this place as a percentage of kills by you in the entire game.
 C = Kills by friends in this place as a percentage of kills by friends in the entire game.
 D = Other kills in this place as a percentage of other kills in the entire game.
 E = Experience gained in this place as a percentage of experience gained in the entire game.
 F = Experience gained in this place divided by the number of levels of this place that you have seen.
                   A       B       C       D       E      F
               +-------+-------+-------+-------+-------+----------------------
         Total | 100.0 | 100.0 |   N/A |   N/A | 100.0 | 105.0
       Dungeon | 100.0 | 100.0 |   N/A |   N/A | 100.0 | 105.0
               +-------+-------+-------+-------+-------+----------------------

Vault maps used:
D:1:      shiori_arrival_oz, minmay_pentomino_v2
D:3:      first_ration, hangedman_decor_points, grunt_ministairs_3,
          kennysheep_generic_room_7
D:4:      tgw_sif
D:6:      moated_statue, minmay_misc_feat_pillars
D:7:      minmay_temple_entry_statues_fountains, grunt_ministairs_10,
          grunt_livestock, uniq_joseph, uniq_duvessa
